 Dungeon Crawl Stone Soup version 0.23-a0-350-g6fd5563 (webtiles) character file.

78906 Firecrotchwizard the Warrior (level 15, 0/174 HPs)
             Began as an Ogre Berserker on Oct 20, 2018.
             Was the Champion of Trog.
             Slain by a white ugly thing (20 damage)
             ... on level 14 of the Dungeon.
             The game lasted 01:23:25 (28995 turns).

Firecrotchwizard the Warrior (Ogre Berserker)      Turns: 28995, Time: 01:23:25

Health: 0/174      AC:  9    Str: 30    XL:     15   Next: 61%
Magic:  5/5        EV: 14    Int: 11    God:    Trog [******]
Gold:   1734       SH:  0    Dex:  8    Spells: 14/14 levels left

rFire    . . .     SeeInvis .   f - +8 giant spiked club (antimagic)
rCold    . . .     Gourm    .   (shield currently unavailable)
rNeg     + + .     Faith    .   I - +0 troll leather armour {regen}
rPois    .         Spirit   .   (helmet restricted)
rElec    +         Reflect  .   b - +2 cloak
rCorr    .         Harm     .   (gloves unavailable)
MR       +....                  (boots unavailable)
Stlth    ++........             S - amulet of regeneration {+regen, !d}
HPRegen  1.19/turn              g - ring of Xom's Flight of Fancy {rElec rN+ Int+3}
MPRegen  0.09/turn              K - ring of Uzoggae {rN+ Slay+2 Stlth+}

@: lethally poisoned (0 -> -1)
A: large, unfitting armour, tough skin 1
a: Berserk, Trog's Hand, Brothers in Arms, Renounce Religion


You were on level 14 of the Dungeon.
You worshipped Trog.
Trog was exalted by your worship.
You were hungry.

You visited 2 branches of the dungeon, and saw 20 of its levels.
You also visited: Labyrinth and Volcano.

You collected 1734 gold pieces.

Inventory:

Hand Weapons
 f - a +8 antimagic giant spiked club (weapon)
   (Trog gifted it to you on level 6 of the Lair of Beasts)
 n - a +4 great mace of protection
   (You took it off an orc warrior on level 8 of the Dungeon)
 F - a +3 antimagic flail
   (Trog gifted it to you on level 3 of the Lair of Beasts)
 Q - the +6 giant spiked club of Debt {venom, rC+ Str+6}
   (Trog gifted it to you on level 2 of the Lair of Beasts)

   It poisons the flesh of those it strikes.
   It affects your strength (+6).
   It protects you from cold.
 U - a +1 dire flail of crushing
   (You found it on level 6 of the Lair of Beasts)
Missiles
 C - 4 throwing nets {=f, !d}
 O - 15 large rocks (quivered) {!d}
Armour
 b - a +2 cloak (worn)
   (You found it on level 6 of the Dungeon)
 I - a +0 troll leather armour (worn) {regen}
   (You found it on level 10 of the Dungeon)
Jewellery
 g - the ring of Xom's Flight of Fancy (left hand) {rElec rN+ Int+3}
   (You found it on level 5 of the Lair of Beasts)

   [ring of positive energy]

   It affects your intelligence (+3).
   It insulates you from electricity.
   It protects you from negative energy.
 q - an uncursed ring of protection from fire {rF+, !d}
   (You found it on level 3 of the Dungeon)
 s - an uncursed ring of fire {rF+, rC-}
   (You found it on level 4 of the Dungeon)
 u - an uncursed ring of fire {rF+, rC-}
   (You took it off an orc on level 12 of the Dungeon)
 K - the ring of Uzoggae (right hand) {rN+ Slay+2 Stlth+}
   (You acquired it on level 2 of the Lair of Beasts)

   [ring of positive energy]

   It affects your accuracy and damage with ranged weapons and melee attacks
   (+2).
   It protects you from negative energy.
   It makes you more stealthy.
 P - an uncursed ring of see invisible {sInv, !d}
   (You found it on level 5 of the Lair of Beasts)
 R - an uncursed ring of ice {rC+, rF-}
   (You took it off Fannar on level 3 of the Lair of Beasts)
 S - an amulet of regeneration (around neck) {+regen, !d}
   (You found it on level 4 of the Lair of Beasts)
Wands
 a - a wand of clouds (7)
   (You found it on level 3 of the Lair of Beasts)
 y - a wand of disintegration (13)
   (You found it on level 13 of the Dungeon)
 D - a wand of acid (15)
   (You took it off a wight on level 8 of the Dungeon)
 Y - a wand of digging (19)
   (You found it on level 6 of the Lair of Beasts)
Scrolls
 d - 2 scrolls of magic mapping {!r}
 e - 10 scrolls of identify
 k - 11 scrolls of remove curse
 l - 9 scrolls of teleportation
 m - 5 scrolls of blinking {!r}
 x - a scroll of enchant armour
 G - 3 scrolls of enchant weapon
 H - 7 scrolls of fog
 T - 2 scrolls of fear
Potions
 h - 4 potions of mutation {!q}
 j - 4 potions of brilliance
 p - 2 potions of berserk rage {!q}
 r - a potion of ambrosia {unknown}
 t - 5 potions of curing
 v - 5 potions of flight
 w - 2 potions of resistance {unknown}
 z - a potion of might
 A - a potion of degeneration {unknown}
 B - 3 potions of haste
 J - 4 potions of lignification {unknown}
 L - a potion of cancellation {unknown}
 M - 4 potions of heal wounds
 N - a potion of agility
 W - 2 potions of invisibility {unknown}
 X - a potion of magic {unknown}
Miscellaneous
 o - a lightning rod (4/4)
   (You found it on level 9 of the Dungeon)
 E - a sack of spiders
 V - a fan of gales
   (You found it on level 11 of the Dungeon)
Comestibles
 c - 45 rations
 i - 24 chunks of flesh {@w0}


   Skills:
 + Level 17.4 Fighting
 * Level 17.2 Maces & Flails
 - Level 5.0 Armour
 - Level 11.1 Dodging


You had 14 spell levels left.
You didn't know any spells.
Your spell library was empty.

Dungeon Overview and Level Annotations

Branches:
Dungeon (14/15)            Temple (0/1) D:6            Lair (6/6) D:10
  Swamp (0/4) Lair:2        Snake (0/4) Lair:3        Slime (0/5) Lair:6
    Orc (0/2) D:9          Vaults (0/5) D:13

Altars:
Ashenzari
Fedhas
Okawaru

Shops:
D:11 %   D:13 %

Portals:
Trove: D:12 (give +6 demon blade)

Annotations:
D:8 1 runed door
Lair:3 exclusion: Fannar


Innate Abilities, Weirdness & Mutations

You are too large for most types of armour.
You have tough skin. (AC +1)


Message History

a +0 trident; a howler monkey skeleton; an orc skeleton
Things that are here:
a +0 trident; a howler monkey skeleton; an orc skeleton You butcher the orc corpse.
i - 20 chunks of flesh {@w0} (gained 1)
You butcher the orc corpse.
i - 22 chunks of flesh {@w0} (gained 2)
Items here: )) [ ÷÷ a cursed +0 short sword; a +0 ring mail; a cursed -2 short sword an orc skeleton x2
Items here: )) [ ÷÷ a cursed +0 short sword; a +0 ring mail; a cursed -2 short sword an orc skeleton x2
You butcher the bullfrog corpse.
i - 24 chunks of flesh {@w0} (gained 2)
You see here a bullfrog skeleton. x2
You see here a pair of boots. 5 ugly things come into view.
The purple ugly thing gurgles horribly! x4; You hear a horrible gurgling sound!
Health restored: 174 A purple ugly thing comes into view.
The purple ugly thing gurgles horribly!
The purple ugly thing headbutts you but does no damage.
You spit the purple ugly thing like a pig!!!
The purple ugly thing basks in the mutagenic energy from its kin and changes!
The purple ugly thing headbutts you!
The purple ugly thing basks in the mutagenic energy from its kin and changes!
You take 16 damage, and have 158/174 hp.
You hit the purple ugly thing. You barely miss the purple ugly thing.
You flatten the purple ugly thing like a pancake!!!
The purple ugly thing claws you.
You skewer the purple ugly thing like a kebab!!!
You kill the purple ugly thing!
Trog accepts your kill.
You hit the purple ugly thing.
The purple ugly thing barely misses you.
You bludgeon the purple ugly thing!!
You kill the purple ugly thing!
Trog accepts your kill.
You hit the purple ugly thing. The purple ugly thing stings you.
The purple ugly thing basks in the mutagenic energy from its kin and changes!
You perforate the purple ugly thing like a sieve!!!!
You kill the purple ugly thing!
Trog accepts your kill.
You closely miss the green ugly thing.
You are feeling hungry.
The green ugly thing trunk-slaps you.
You are poisoned.
The green ugly thing poisons you!
You puncture the green ugly thing!
You feel very sick. The green ugly thing trunk-slaps you.
You take 3 damage, and have 162/174 hp.
You beat the green ugly thing like a drum!!!
You feel very sick.
The green ugly thing trunk-slaps you but does no damage.
You take 2 damage, and have 160/174 hp.
You flatten the green ugly thing like a pancake!!!
You kill the green ugly thing!
Trog accepts your kill.
You feel very sick.
You take 2 damage, and have 158/174 hp.
You perforate the white ugly thing like a sieve!!!
You feel sick. The white ugly thing stings you!
The white ugly thing freezes you!!
You take 44 damage, and have 114/174 hp.
MASSIVE DAMAGE!!
You barely miss the white ugly thing.
You feel sick.
The white ugly thing stings you but does no damage.
You take 1 damage, and have 113/174 hp.
You completely miss the white ugly thing.
You feel sick. The white ugly thing stings you.
The white ugly thing freezes you!!
You take 24 damage, and have 89/174 hp.
You closely miss the white ugly thing.
You feel sick.
The white ugly thing closely misses you.
You take 1 damage, and have 88/174 hp.
You bludgeon the white ugly thing!!
You kill the white ugly thing!
Trog accepts your kill.
You feel sick.
You take 1 damage, and have 87/174 hp.
Unknown command.
You closely miss the white ugly thing.
You feel sick.
The white ugly thing completely misses you.
You barely miss the white ugly thing.
You feel sick. The white ugly thing tail-slaps you!
The white ugly thing freezes you!
You take 22 damage, and have 65/174 hp.
You spit the white ugly thing like a pig!!!
You feel sick. The white ugly thing tail-slaps you.
The white ugly thing freezes you!!
* * * LOW HITPOINT WARNING * * *
You take 35 damage, and have 30/174 hp.
MASSIVE DAMAGE!!
You closely miss the white ugly thing.
You feel sick. The white ugly thing tail-slaps you!
* * * LOW HITPOINT WARNING * * *
The white ugly thing freezes you!!
You die...

#.####.###
#.# #.#
### #.#
#.# #.#
#.# #.#
#.# #.#
#.#
#.########
#.@u......
##########


You could see a white ugly thing.

Vanquished Creatures
  Rupert (Lair:3)
  A dire elephant (Lair:6)
  A red draconian (Volcano)
  Nessos (Lair:6)
  A minotaur (Lab)
  Fannar (Lair:3)
  6 hydras
  A vault guard (D:13)
  3 two-headed ogres
  3 death yaks (Lair:6)
  A tengu warrior (D:10)
  A queen ant (Lair:2)
  Urug (D:13)
  Nergalle (Lair:3)
  A salamander mystic (Volcano)
  2 unseen horrors
  4 wizards (D:13)
  2 necromancers
  An obsidian statue (Volcano)
  2 lindwurms (Lair:6)
  3 salamanders (Volcano)
  5 ugly things (D:14)
  A wolf spider (Lair:6)
  3 cyclopes
  A guardian serpent (Lair:6)
  13 elephants
  Maurice (D:11)
  12 black mambas
  2 gargoyles (D:13)
  13 spiny frogs
  2 minotaur zombies (Lab)
  5 komodo dragons
  An efreet (D:13)
  4 rime drakes
  A tengu conjurer (D:10)
  5 trolls
  3 hornets (Lair:6)
  A tyrant leech (Lair:2)
  3 polar bears
  A blink frog (Lair:6)
  2 dream sheep (Lair:6)
  11 hippogriffs
  4 slime creatures (D:11)
  A meliai zombie (D:14)
  A shadow (D:13)
  A centaur simulacrum (D:10)
  A redback (Lab)
  36 yaks
  14 wyverns
  6 fire bats (Volcano)
  2 vampires
  4 basilisks
  17 humans (D:13)
  A basilisk (shapeshifter) (D:14)
  Grum (D:10)
  A hungry ghost (D:9)
  Menkaure (D:4)
  7 nagas (Lair:3)
  23 water moccasins
  Duvessa (D:7)
  11 soldier ants (Lair:2)
  10 orc warriors
  8 ice beasts
  2 porcupines
  5 sky beasts
  A black bear (D:8)
  2 eyes of draining
  11 ogres
  3 necrophages
  15 wolves
  3 centaurs
  6 crocodiles
  Blork the orc (D:4)
  A big kobold (D:13)
  13 bullfrogs
  3 gnoll sergeants
  A water moccasin zombie (D:7)
  Dowan (D:7)
  A wyvern skeleton (D:12)
  4 scorpions
  8 wights
  15 killer bees
  4 electric eels (D:10)
  7 howler monkeys
  5 crimson imps
  5 lava snakes (Volcano)
  A bullfrog zombie (D:7)
  2 wyvern simulacra (D:10)
  A bullfrog skeleton (D:4)
  5 centaur skeletons
  12 hounds
  5 jellies
  6 orc priests
  5 iguanas
  10 orc wizards
  40 worker ants
  A killer bee zombie (D:6)
  2 bullfrog simulacra (D:10)
  2 hound zombies (D:8)
  A worker ant zombie (D:9)
  A howler monkey zombie (D:8)
  13 gnolls
  2 howler monkey skeletons
  17 adders
  2 river rats (D:5)
  3 shadow imps
  3 white imps (D:10)
  2 worker ant simulacra
  An ooze (D:4)
  2 ufetubi (D:10)
  An adder skeleton (D:8)
  3 worms
  3 dart slugs (D:1)
  8 leopard geckos
  52 orcs
  A ball python (D:6)
  2 giant cockroaches
  6 goblins
  5 hobgoblins
  11 jackals
  8 kobolds
  4 quokkas
  7 bats
  5 frilled lizards
  2 quokka skeletons
  9 rats
662 creatures vanquished.

Vanquished Creatures (others)
  A komodo dragon (D:10)
  An orc (D:12)
  A jackal (D:10)
  17 fungi
  17 plants
37 creatures vanquished.

Grand Total: 699 creatures vanquished

Notes
Turn   | Place    | Note
-------+----------+-------------------------------------------
     0 | D:1      | Firecrotchwizard the Ogre Berserker began the quest for the
                  | Orb.
     0 | D:1      | Reached XP level 1. HP: 24/24 MP: 1/1
    45 | D:1      | Reached skill level 3 in Maces & Flails
    45 | D:1      | Reached XP level 2. HP: 24/32 MP: 2/2
   451 | D:1      | Reached skill level 3 in Dodging
   451 | D:1      | Reached XP level 3. HP: 28/40 MP: 3/3
   930 | D:2      | Found an iron altar of Okawaru.
   997 | D:2      | Reached XP level 4. HP: 43/49 MP: 4/4
  1158 | D:2      | Reached ** piety under Trog
  2089 | D:3      | Reached skill level 5 in Fighting
  2421 | D:4      | Noticed Menkaure
  2427 | D:4      | HP: 11/75 [Menkaure (14)]
  2428 | D:4      | Killed Menkaure
  2428 | D:4      | Reached skill level 4 in Maces & Flails
  2428 | D:4      | Reached XP level 5. HP: 13/57 MP: 5/5
  2428 | D:4      | Reached XP level 6. HP: 15/66 MP: 6/6
  2842 | D:4      | Reached skill level 5 in Maces & Flails
  2842 | D:4      | Reached skill level 4 in Dodging
  2864 | D:4      | Reached skill level 6 in Fighting
  3138 | D:4      | Reached XP level 7. HP: 75/75 MP: 7/7
  3183 | D:4      | Noticed Blork the orc
  3192 | D:4      | Killed Blork the orc
  3792 | D:4      | Reached skill level 6 in Maces & Flails
  3956 | D:5      | Entered Level 5 of the Dungeon
  4078 | D:5      | Reached skill level 7 in Fighting
  4114 | D:5      | Reached XP level 8. HP: 71/87 MP: 8/8
  4162 | D:5      | Reached skill level 5 in Dodging
  4438 | D:5      | Reached skill level 7 in Maces & Flails
  4784 | D:5      | Reached *** piety under Trog
  5006 | D:6      | Reached skill level 8 in Fighting
  5183 | D:6      | Found a staircase to the Ecumenical Temple.
  5312 | D:6      | Reached XP level 9. HP: 85/97 MP: 9/9
  5540 | D:6      | Reached skill level 8 in Maces & Flails
  5563 | D:6      | Reached skill level 6 in Dodging
  6084 | D:6      | Reached skill level 9 in Fighting
  6782 | D:7      | Noticed Dowan
  6783 | D:7      | Noticed Duvessa
  6798 | D:7      | Killed Duvessa
  6801 | D:7      | Killed Dowan
  7056 | D:7      | Reached skill level 9 in Maces & Flails
  7165 | D:7      | Found a shattered altar of Ashenzari.
  7445 | D:7      | Reached **** piety under Trog
  7596 | D:7      | Reached XP level 10. HP: 109/109 MP: 10/10
  8003 | D:8      | Found a runed door.
  8011 | D:8      | Reached skill level 10 in Fighting
  8060 | D:8      | Reached skill level 7 in Dodging
  9254 | D:8      | HP: 27/111 [killer bee (3)]
  9258 | D:8      | HP: 13/111 [killer bee (4)]
  9259 | D:8      | HP: 5/111 [killer bee (2)]
  9262 | D:8      | HP: 2/111 [poisoned by a killer bee]
  9268 | D:8      | HP: 25/111 [poisoned by a killer bee]
  9273 | D:8      | HP: 26/111 [poisoned by a killer bee]
  9624 | D:8      | Reached skill level 10 in Maces & Flails
  9984 | D:8      | Found a blossoming altar of Fedhas.
 10104 | D:8      | Noticed a necromancer
 10125 | D:8      | Killed a necromancer
 10978 | D:9      | Noticed a seven-headed hydra
 10996 | D:9      | HP: 37/166 [seven-headed hydra (6)]
 10998 | D:9      | Killed a seven-headed hydra
 10998 | D:9      | Reached skill level 11 in Fighting
 11357 | D:9      | Found a staircase to the Orcish Mines.
 11677 | D:9      | Reached skill level 8 in Dodging
 12001 | D:9      | Reached XP level 11. HP: 119/120 MP: 11/11
 12086 | D:9      | Reached skill level 11 in Maces & Flails
 12445 | D:10     | Entered Level 10 of the Dungeon
 12615 | D:10     | Reached ***** piety under Trog
 12673 | D:10     | Noticed a tengu warrior
 12703 | D:10     | Killed a tengu warrior
 12846 | D:10     | Found a staircase to the Lair.
 13020 | D:10     | Noticed Grum
 13224 | D:10     | HP: 41/184 [bullfrog simulacrum (11)]
 13225 | D:10     | Reached skill level 12 in Fighting
 13229 | D:10     | HP: 38/184 [Grum/-2 spear (1)]
 13233 | D:10     | HP: 18/123 [Grum/-2 spear (3)]
 13235 | D:10     | HP: 1/123 [gnoll sergeant/+0 spear (10)]
 13242 | D:10     | Noticed a two-headed ogre
 13246 | D:10     | HP: 28/123 [electric eel/bolt of electricity (9)]
 13258 | D:10     | HP: 24/123 [centaur skeleton (3)]
 13923 | D:10     | Killed Grum
 14239 | D:10     | Killed a two-headed ogre
 14239 | D:10     | Reached skill level 12 in Maces & Flails
 14239 | D:10     | Reached skill level 9 in Dodging
 15049 | Lair:1   | Entered Level 1 of the Lair of Beasts
 15133 | Lair:1   | Reached XP level 12. HP: 133/133 MP: 12/12
 15914 | Lair:2   | Reached skill level 1 in Armour
 16102 | Lair:2   | Received a gift from Trog
 16103 | Lair:2   | Got a brightly glowing giant spiked club {god gift}
 16108 | Lair:2   | Identified a scroll of acquirement
 16109 | Lair:2   | Got a pitted bone ring
 16113 | Lair:2   | Identified the +6 giant spiked club of Debt {venom, rC+
                  | Str+6} (Trog gifted it to you on level 2 of the Lair of
                  | Beasts)
 16114 | Lair:2   | Identified the ring of Uzoggae {rN+ Slay+2 Stlth+} (You
                  | acquired it on level 2 of the Lair of Beasts)
 16121 | Lair:2   | Noticed a queen ant
 16175 | Lair:2   | Killed a queen ant
 16194 | Lair:1   | HP: 33/133 [poisoned by a queen ant]
 16199 | Lair:1   | HP: 29/133 [poisoned by a queen ant]
 16205 | Lair:1   | HP: 31/133 [poisoned by a queen ant]
 16212 | Lair:1   | HP: 33/133 [poisoned by a queen ant]
 16415 | Lair:2   | Reached skill level 13 in Fighting
 16482 | Lair:2   | Reached skill level 2 in Armour
 17068 | Lair:2   | Reached skill level 13 in Maces & Flails
 17353 | Lair:2   | Found a staircase to the Swamp.
 17379 | Lair:2   | Reached skill level 3 in Armour
 18395 | Lair:3   | Noticed Rupert
 18413 | Lair:3   | Killed Rupert
 18439 | Lair:3   | Received a gift from Trog
 18439 | Lair:3   | Reached skill level 4 in Armour
 18640 | Lair:3   | Noticed Fannar
 18749 | Lair:3   | Reached XP level 13. HP: 135/145 MP: 13/13
 18752 | Lair:3   | Reached skill level 14 in Fighting
 19194 | Lair:3   | HP: 49/219 [eight-headed hydra (11)]
 19197 | Lair:3   | HP: 24/219 [eight-headed hydra (8)]
 19197 | Lair:3   | HP: 11/219 [eight-headed hydra (13)]
 19197 | Lair:3   | HP: 3/219 [eight-headed hydra (5)]
 19198 | Lair:3   | Reached skill level 14 in Maces & Flails
 19511 | Lair:3   | Noticed Nergalle
 19522 | Lair:3   | Killed Nergalle
 19668 | Lair:3   | Found a staircase to the Snake Pit.
 19713 | Lair:3   | Killed Fannar
 20000 | Lair:4   | Reached skill level 5 in Armour
 20836 | Lair:5   | Got a translucent platinum ring
 20847 | Lair:5   | Found a dark tunnel.
 20851 | Lair:5   | Identified the ring of Xom's Flight of Fancy {rElec rN+
                  | Int+3} (You found it on level 5 of the Lair of Beasts)
 20853 | Volcano  | Entered a volcano
 20953 | Volcano  | Noticed a red draconian
 20954 | Volcano  | Found a bloodstained altar of Trog.
 20987 | Volcano  | Killed a red draconian
 20996 | Volcano  | HP: 36/148 [salamander/+0 glaive (3)]
 21002 | Volcano  | HP: 43/222 [salamander/+0 trident (6)]
 22065 | Lair:6   | Entered Level 6 of the Lair of Beasts
 22072 | Lair:6   | Reached skill level 15 in Fighting
 22199 | Lair:5   | Reached skill level 15 in Maces & Flails
 22337 | Lair:6   | Reached XP level 14. HP: 137/159 MP: 14/14
 22468 | Lair:6   | Reached skill level 10 in Dodging
 22550 | Lair:6   | HP: 59/238 [guardian serpent (16)]
 22555 | Lair:6   | HP: 57/238 [poisoned by a black mamba]
 22560 | Lair:6   | HP: 37/159 [poisoned by a black mamba]
 22949 | Lair:6   | Noticed a dire elephant
 22979 | Lair:6   | Killed a dire elephant
 23041 | Lair:6   | Noticed Nessos
 23489 | Lair:6   | Found a staircase to the Slime Pits.
 23546 | Lair:6   | Reached skill level 16 in Fighting
 23959 | Lair:6   | Killed Nessos
 23961 | Lair:6   | Got a steaming amber ring
 23962 | Lair:6   | Identified the ring of Deots {Wiz +Fly Int+2} (You took it
                  | off Nessos on level 6 of the Lair of Beasts)
 24162 | Lair:6   | Received a gift from Trog
 24206 | Lair:6   | Reached skill level 16 in Maces & Flails
 25049 | D:11     | Reached skill level 11 in Dodging
 25263 | D:11     | HP: 35/163 [slime creature (14)]
 25444 | D:11     | Reached XP level 15. HP: 161/171 MP: 15/15
 25456 | D:11     | Found Pappamos's Food Shoppe.
 25597 | D:11     | Noticed Maurice
 25617 | D:11     | Killed Maurice
 26372 | D:12     | Found a labyrinth entrance.
 26486 | Lab      | Entered a labyrinth
 26812 | Lab      | Received a gift from Trog
 27423 | D:12     | Found a portal to a secret trove of treasure.
 27574 | D:13     | Found Zoobuyckos's Food Shoppe.
 27818 | D:13     | Reached skill level 17 in Fighting
 27869 | D:13     | HP: 37/174 [something/stone arrow (31)]
 27870 | D:13     | HP: 15/174 [something/stone arrow (17)]
 27903 | D:13     | HP: 33/174 [wizard/bolt of lightning (9)]
 27910 | D:13     | HP: 29/174 [something (1)]
 27927 | D:13     | Reached skill level 17 in Maces & Flails
 28101 | D:13     | Found a gate to the Vaults.
 28259 | D:13     | Noticed Urug
 28269 | D:13     | Killed Urug
 28926 | D:14     | Reached ****** piety under Trog
 28994 | D:14     | HP: 30/174 [white ugly thing (30)]
 28995 | D:14     | Slain by a white ugly thing

Vault maps used:
D:1:      noname_arrival_rooms_in_the_neighbourhood, minmay_misc_feat_square
D:2:      first_ration, okawaru_ov_weapons_minmay
D:3:      minmay_misc_feat_five, grunt_decor_cap
D:4:      uniq_blork_the_orc, uniq_menkaure
D:5:      wad_pebble_path, lightli_sewer_entry_pipes, minmay_misc_feat_plants,
          bh_walls_and_bars
D:6:      kennysheep_six_static_rooms, minmay_temple_entry_large_hall
D:7:      hex_large, lemuel_altar_in_water, uniq_duvessa
D:8:      minmay_the_grid_four_pointed_star, marbit_many_paths, grunt_ogre_cave,
          minivault_10, hangedman_decor_clover_reticule
D:9:      orc_0_dummy, nooodl_food_tri
D:10:     erik_lair_island, serial_ice, serial_ice_o, serial_ice_j,
          serial_ice_c, serial_ice_d, hangedman_abyss_or_decor_clamps, uniq_grum
D:11:     serial_shops, nicolae_shop_crystal, minivault_11, uniq_maurice
D:12:     lab_entry_generic, enter_trove_3
D:13:     grunt_vaults_entry_tiered, serial_shops, shop, uniq_urug
D:14:     hangedman_decor_opposing
Lair:1:   chequers_serial_rivers_micro_e, chequers_serial_rivers_micro_b,
          fungi_pond_lemuel, serial_bayou_shore_b, lemuel_fruit_fields,
          infiniplex_staircase_pool_2, lemuel_fruit_fields
Lair:2:   minmay_swamp_entry_worms, zaba_anthell
Lair:3:   minmay_snake_entry_guardpost_large, uniq_rupert, uniq_fannar,
          uniq_nergalle
Lair:4:   lemuel_fruit_tree, grunt_megastairs_4
Lair:5:   enter_volcano_4, chequers_serial_rivers_room_b,
          chequers_serial_rivers_large_a, st_stairs_13
Lair:6:   hangedman_lair_in_review, hangedman_lair_tendril_chambers,
          slime_dummy, patterned_corridor, uniq_nessos
Lab:      labyrinth_hidden_loot, lab_statue, nicolae_lab_lava,
          nicolae_lab_checkerboard, labyrinth_skeletal_remains,
          nicolae_lab_swirl
Volcano:  volcano_grotto

Skill      XL: |  1  2  3  4  5  6  7  8  9 10 11 12 13 14 15 |
---------------+----------------------------------------------+-----
Maces & Flails | 3 4 5 6 7 9 10 12 13 15 16 17 | 17.2
Dodging        | 3 4 5 6 8 9 11 | 11.1
Fighting       | 5 6 7 8 9 11 12 13 15 16 17 | 17.4
Armour         | 4 5 |  5.0

Action                   |  1- 3 |  4- 6 |  7- 9 | 10-12 | 13-15 || total
-------------------------+-------+-------+-------+-------+-------++-------
Melee: Mace              |    93 |    51 |       |       |       ||   144
       Flail             |       |    57 |   404 |   177 |    14 ||   652
       Great mace        |       |       |       |   585 |   675 ||  1260
       Dire flail        |       |       |       |       |    15 ||    15
       Giant spiked club |       |       |       |       |   265 ||   265
Throw: Large rock        |       |       |       |     2 |     8 ||    10
Invok: Berserk           |     2 |     4 |     6 |    10 |    13 ||    35
       Trog's Hand       |       |     1 |     2 |     2 |     7 ||    12
Evoke: Wand              |       |     2 |     4 |     7 |     1 ||    14
  Use: Scroll            |       |       |     7 |    17 |    15 ||    39
       Potion            |       |       |       |     7 |     5 ||    12
 Stab: Paralysed         |       |     7 |       |       |       ||     7
       Sleeping          |       |       |       |       |     7 ||     7
  Eat: Chunk             |     2 |     8 |    19 |    45 |    29 ||   103
       Ration            |       |     1 |     1 |     4 |     4 ||    10
Armor: Animal skin       |    32 |    18 |     2 |       |       ||    52
       Robe              |       |       |   112 |    96 |       ||   208
       Troll leather arm |       |       |       |   181 |   405 ||   586
Dodge: Dodged            |    67 |    46 |   231 |   560 |   718 ||  1622

Table legend:
 A = Non-vault XP
 B = Vault XP
 C = Vault XP percentage of total XP
 D = Non-vault monster count
 E = Vault monster count
 F = Vault count percentage of total count
                 A         B        C        D         E       F
            +---------+---------+-------+---------+---------+-------
      Total |   60193 |   52530 |  46.6 |     449 |     214 |  32.3
            +---------+---------+-------+---------+---------+-------
        D:1 |      53 |       0 |   0.0 |      22 |       0 |   0.0
        D:2 |      56 |       0 |   0.0 |      17 |       0 |   0.0
        D:3 |      41 |       0 |   0.0 |      16 |       0 |   0.0
        D:4 |     690 |     268 |  28.0 |      14 |       2 |  12.5
        D:5 |     704 |      88 |  11.1 |      23 |      10 |  30.3
        D:6 |    1217 |     261 |  17.7 |      26 |       5 |  16.1
        D:7 |    1168 |     227 |  16.3 |      23 |       2 |   8.0
        D:8 |    1058 |    1486 |  58.4 |      25 |      13 |  34.2
        D:9 |    2160 |     310 |  12.6 |      21 |       3 |  12.5
       D:10 |    6161 |    1813 |  22.7 |      48 |      23 |  32.4
       D:11 |    5959 |     472 |   7.3 |      37 |       1 |   2.6
       D:12 |    4261 |       0 |   0.0 |      23 |       0 |   0.0
       D:13 |    3423 |    8389 |  71.0 |      29 |      26 |  47.3
       D:14 |    4994 |       0 |   0.0 |      22 |       0 |   0.0
     Lair:1 |    2452 |      66 |   2.6 |      11 |       2 |  15.4
     Lair:2 |    3018 |    3805 |  55.8 |      15 |      41 |  73.2
     Lair:3 |    5225 |    5868 |  52.9 |      21 |      10 |  32.3
     Lair:4 |    2360 |       0 |   0.0 |       7 |       0 |   0.0
     Lair:5 |    4403 |       0 |   0.0 |      16 |       0 |   0.0
     Lair:6 |   10790 |   21958 |  67.1 |      33 |      55 |  62.5
        Lab |       0 |    2169 | 100.0 |       0 |       4 | 100.0
    Volcano |       0 |    5350 | 100.0 |       0 |      17 | 100.0
            +---------+---------+-------+---------+---------+-------

Vault maps used:
D:1:      noname_arrival_rooms_in_the_neighbourhood, minmay_misc_feat_square
D:2:      first_ration, okawaru_ov_weapons_minmay
D:3:      minmay_misc_feat_five, grunt_decor_cap
D:4:      uniq_blork_the_orc, uniq_menkaure
D:5:      wad_pebble_path, lightli_sewer_entry_pipes, minmay_misc_feat_plants,
          bh_walls_and_bars
D:6:      kennysheep_six_static_rooms, minmay_temple_entry_large_hall
D:7:      hex_large, lemuel_altar_in_water, uniq_duvessa
D:8:      minmay_the_grid_four_pointed_star, marbit_many_paths, grunt_ogre_cave,
          minivault_10, hangedman_decor_clover_reticule
D:9:      orc_0_dummy, nooodl_food_tri
D:10:     erik_lair_island, serial_ice, serial_ice_o, serial_ice_j,
          serial_ice_c, serial_ice_d, hangedman_abyss_or_decor_clamps, uniq_grum
D:11:     serial_shops, nicolae_shop_crystal, minivault_11, uniq_maurice
D:12:     lab_entry_generic, enter_trove_3
D:13:     grunt_vaults_entry_tiered, serial_shops, shop, uniq_urug
D:14:     hangedman_decor_opposing
Lair:1:   chequers_serial_rivers_micro_e, chequers_serial_rivers_micro_b,
          fungi_pond_lemuel, serial_bayou_shore_b, lemuel_fruit_fields,
          infiniplex_staircase_pool_2, lemuel_fruit_fields
Lair:2:   minmay_swamp_entry_worms, zaba_anthell
Lair:3:   minmay_snake_entry_guardpost_large, uniq_rupert, uniq_fannar,
          uniq_nergalle
Lair:4:   lemuel_fruit_tree, grunt_megastairs_4
Lair:5:   enter_volcano_4, chequers_serial_rivers_room_b,
          chequers_serial_rivers_large_a, st_stairs_13
Lair:6:   hangedman_lair_in_review, hangedman_lair_tendril_chambers,
          slime_dummy, patterned_corridor, uniq_nessos
Lab:      labyrinth_hidden_loot, lab_statue, nicolae_lab_lava,
          nicolae_lab_checkerboard, labyrinth_skeletal_remains,
          nicolae_lab_swirl
Volcano:  volcano_grotto

Table legend:
 A = Turns spent in this place as a percentage of turns spent in the entire game.
 B = Non-inter-level travel turns spent in this place as a percentage of non-inter-level travel turns spent in the entire game.
 C = Inter-level travel turns spent in this place as a percentage of turns spent in this place.
 D = Turns resting spent in this place as a percentage of non-inter-level travel turns spent in this place.
 E = Turns spent auto-exploring this place as a percentage of non-inter-level travel turns spent in this place.
 F = Non-inter-level travel turns spent in this place divided by the number of levels of this place that you've seen.
                   A       B       C       D       E      F
               +-------+-------+-------+-------+-------+----------------------
         Total | 100.0 | 100.0 |   3.6 |  32.4 |  44.6 | 1269.9
       Dungeon |  64.2 |  64.3 |   3.4 |  33.8 |  46.6 | 1283.8
          Lair |  32.9 |  32.6 |   4.4 |  30.0 |  44.9 | 1518.2
     Labyrinth |   1.6 |   1.6 |   0.0 |  35.9 |   0.0 | 460.0
       Volcano |   1.4 |   1.4 |   0.0 |  20.2 |   4.0 | 396.0
               +-------+-------+-------+-------+-------+----------------------

Table legend:
 A = Kills in this place as a percentage of kills in entire the game.
 B = Kills by you in this place as a percentage of kills by you in the entire game.
 C = Kills by friends in this place as a percentage of kills by friends in the entire game.
 D = Other kills in this place as a percentage of other kills in the entire game.
 E = Experience gained in this place as a percentage of experience gained in the entire game.
 F = Experience gained in this place divided by the number of levels of this place that you have seen.
                   A       B       C       D       E      F
               +-------+-------+-------+-------+-------+----------------------
         Total | 100.0 | 100.0 |   N/A | 100.0 | 100.0 | 5123.8
       Dungeon |  65.0 |  65.0 |   N/A | 100.0 |  40.2 | 3232.8
          Lair |  31.8 |  31.9 |   N/A |   0.0 |  53.2 | 9990.8
     Labyrinth |   0.6 |   0.6 |   N/A |   0.0 |   1.9 | 2169.0
       Volcano |   2.6 |   2.6 |   N/A |   0.0 |   4.7 | 5350.0
               +-------+-------+-------+-------+-------+----------------------
